 Dungeon Crawl Stone Soup version 0.26-a0-1033-gd598b01645 (webtiles) character file.

Game seed: 13771452162345319819

34481 ANON1729 the Alchemist (level 13, -5/104 HPs)
             Began as a Merfolk Transmuter on Dec 10, 2020.
             Was a High Priest of Wu Jian.
             Slain by an eight-headed hydra (10 damage)
             ... on level 5 of the Lair of Beasts.
             The game lasted 00:42:40 (23562 turns).

ANON1729 the Alchemist (Merfolk Transmuter)        Turns: 23562, Time: 00:42:41

Health: -5/104     AC:  2    Str: 10    XL:     13   Next: 77%
Magic:  27/28      EV: 36    Int: 16    God:    Wu Jian [*****.]
Gold:   1409       SH:  0    Dex: 27    Spells: 15/30 levels left

rFire    . . .     SeeInvis .     - Unarmed
rCold    . . .     Faith    +   (shield currently unavailable)
rNeg     . . .     Spirit   .   (armour currently unavailable)
rPois    x         Reflect  .   (helmet currently unavailable)
rElec    .         Harm     .   (cloak currently unavailable)
rCorr    .         Rampage  .   (gloves currently unavailable)
Will     +....                  (boots currently unavailable)
Stlth    ++........             O - amulet of faith
HPRegen  0.27/turn              E - ring of willpower
MPRegen  0.21/turn              N - +6 ring of dexterity

@: exhausted, spider-form
A: tiny, (change form in water), (swift swim), (stealthy swim), high mp 1
a: End Transformation, Wall Jump, Serpent's Lash, Heavenly Storm, Renounce
Religion


You were on level 5 of the Lair of Beasts.
You worshipped Wu Jian.
Wu Jian was extremely pleased with you.
You were a venomous arachnid creature.
You visited 4 branches of the dungeon, and saw 19 of its levels.
You also visited: Volcano.

You collected 1409 gold pieces.

Inventory:

Hand Weapons
 b - a +2 demon trident of flaming
 n - a +0 lajatang of flaming
 q - a +1 great mace of flaming
Missiles
 h - 7 silver javelins (quivered)
 y - 78 poisoned darts
Armour
 a - the +2 pair of boots of Action (melded) {rC+ rN+ Int-4}
   (You found it in a volcano)

   It affects your intelligence (-4).
   It protects you from cold.
   It protects you from negative energy.
 e - +0 pearl dragon scales (melded)
 A - a +2 cloak of fire resistance (melded)
 C - a +0 helmet (melded)
Jewellery
 x - an uncursed ring of ice
 E - a ring of willpower (left front leg)
 L - an uncursed ring of protection from cold
 M - an uncursed ring of willpower
 N - a +6 ring of dexterity (right front leg)
 O - an amulet of faith (around neck)
 Q - an uncursed ring of protection from fire
Wands
 u - a wand of polymorph (6)
 D - a wand of flame (37)
 P - a wand of random effects (5)
 T - a wand of iceblast (14)
 U - a wand of disintegration (3)
 X - a wand of digging (5)
 Z - a wand of enslavement (21)
Scrolls
 f - 4 scrolls of amnesia
 k - 9 scrolls of remove curse
 m - 4 scrolls of immolation
 o - 2 scrolls of fear
 p - 7 scrolls of magic mapping
 r - 2 scrolls of blinking
 s - 2 scrolls of noise {unknown}
 v - 3 scrolls of enchant armour
 w - 4 scrolls of teleportation
 K - a scroll of random uselessness {unknown}
 S - 4 scrolls of enchant weapon
 V - a scroll of silence {unknown}
 W - a scroll of fog
Potions
 c - 4 potions of brilliance
 d - 4 potions of lignification {unknown}
 g - 3 potions of mutation {unknown}
 i - a potion of degeneration {unknown}
 j - a potion of invisibility {unknown}
 l - 4 potions of curing
 t - 4 potions of flight
 G - a potion of magic {unknown}
 J - a potion of heal wounds
 R - 3 potions of attraction {unknown}
 Y - 3 potions of might


   Skills:
 + Level 10.6 Fighting
 - Level 1.0 Armour
 + Level 12.7 Dodging
 + Level 11.0 Unarmed Combat
 + Level 9.2 Spellcasting
 * Level 16.1 Transmutations


You had 15 spell levels left.
You knew the following spells:

 Your Spells              Type           Power        Failure   Level
a - Beastly Appendage     Tmut           ######       1%          1
b - Wereblood             Tmut           ######..     1%          2
c - Spider Form           Tmut/Pois      ####......   5%          3
d - Blade Hands           Tmut           ######....   3%          5
e - Ice Form              Ice/Tmut       ####....     12%         4

Your spell library contained the following spells:

 Spells                   Type           Power        Failure   Level
 Corona                   Hex            #......      24%         1
 Freeze                   Ice            #...         24%         1
 Ensorcelled Hibernation  Hex/Ice        #.....       34%         2
 Confusing Touch          Hex            #.......     52%         3
 Dazzling Flash           Conj/Hex       #.....       52%         3
 Frozen Ramparts          Ice            #.....       52%         3
 Ozocubu's Armour         Ice            #.......     52%         3
 Tukima's Dance           Hex            #.......     52%         3
 Hailstorm                Conj/Ice       #.......     86%         4
 Summon Ice Beast         Ice/Summ       #.......     86%         4


Dungeon Overview and Level Annotations

Branches:
Dungeon (11/15)            Temple (1/1) D:4            Lair (6/6) D:10
  Swamp (0/4) Lair:2        Snake (1/4) Lair:2        Slime (0/5) Lair:5
    Orc (0/2) D:10        Volcano (visited)

Altars:
Ashenzari
Cheibriados
Dithmenos
Elyvilon
Fedhas
Gozag
Hepliaklqana
Kikubaaqudgha
Makhleb
Nemelex Xobeh
Okawaru
Qazlal
Ru
Sif Muna
Trog
Uskayaw
Vehumet
Wu Jian
Xom
Yredelemnul
Zin
The Shining One

Shops:
D:4 (   D:9 *

Annotations:
D:4 2 transporters, rlgrobin's ghost, weakling TeDe
D:6 1 runed translucent door, rlgrobin's ghost, novice TeDe
D:8 3 runed translucent doors, thewurscht's ghost, novice DrFi
Lair:5 1 transporter, passata's ghost, journeyman GrFi


Innate Abilities, Weirdness & Mutations

((You revert to your normal form in water.))
((You are very nimble and swift while swimming.))
((You are very stealthy in the water. (Stealth+)))
You have an increased reservoir of magic. (+10% MP)


Message History

* * * LOW HITPOINT WARNING * * *
The eight-headed hydra closely misses you.
The eight-headed hydra misses you.
The eight-headed hydra completely misses you.
Evoke which item? (* to show all) (? for menu, Esc to quit)
Okay, then.
Evoke which item? (* to show all) (? for menu, Esc to quit)
Aiming: Iceblast
Press: ? - help, Shift-Dir - straight line, p - eight-headed hydra The mass of ice explodes!
The iceblast engulfs the eight-headed hydra!
The eight-headed hydra is almost dead.
The eight-headed hydra bites you but does no damage.
The eight-headed hydra completely misses you.
The eight-headed hydra bites you!
* * * LOW HITPOINT WARNING * * *
The eight-headed hydra misses you.
The eight-headed hydra completely misses you. x2
The eight-headed hydra bites you!
You die...

..........................#y#y#.#
..........................##...#.
..........................##.#.#.
####.......#..≈≈.≈.#......##...#,
.###P.....≈.≈≈≈≈≈≈≈..#.#..###.###
##.#P....≈.≈≈≈≈≈≈≈≈..###P..######
..........≈≈≈≈≈≈≈≈≈≈.##.....###.#
.........P.≈≈≈≈≈≈≈≈≈............)
>...#....#≈≈≈≈.Ds≈≈≈.≈...........
...#.....≈≈≈≈≈..≈≈≈≈≈P.P...#####.
..###....#.≈≈≈≈≈≈≈≈≈........#..#.
..###.......≈≈≈≈≈≈≈≈.............
..#.#.....#≈.≈≈≈≈≈...............
..##......(..≈.≈≈................
.................................
.................................
.††..............................


You could see an eight-headed hydra (very poisoned).

Vanquished Creatures
  Fannar (Lair:3)
  A hydra (Lair:2)
  5 two-headed ogres
  An unseen horror (D:11)
  A bog body (Lair:2)
  5 elephants (Lair:5)
  A salamander (Volcano)
  4 black mambas
  4 cane toads
  A gargoyle (D:10)
  6 komodo dragons
  3 rime drakes
  A meliai (Lair:5)
  8 trolls
  A hornet (Lair:5)
  12 blink frogs
  7 dream sheep (Lair:4)
  A wyvern (Lair:4)
  33 yaks
  5 fire bats
  4 basilisks
  An acid dragon (D:11)
  2 hell hounds (Volcano)
  19 water moccasins
  2 ice beasts
  4 sky beasts
  2 black bears
  8 orc warriors
  A necrophage (D:9)
  A phantom (D:9)
  4 wolves (Lair:5)
  3 ogres
  9 centaurs
  A big kobold (D:7)
  17 bullfrogs
  A gnoll sergeant (D:8)
  2 scorpions
  3 jellies
  16 killer bees
  9 wights (D:9)
  3 electric eels (D:10)
  6 howler monkeys
  2 centaur zombies
  2 bullfrog skeletons (D:4)
  6 hounds
  10 orc priests
  A centaur skeleton (D:9)
  7 iguanas
  19 orc wizards
  4 hell rats (Lair:1)
  11 worker ants
  2 killer bee zombies (D:8)
  4 gnolls (D:8)
  2 howler monkey skeletons
  14 adders
  2 river rats (Lair:1)
  2 shadow imps
  3 white imps
  3 oozes
  A worm (D:2)
  2 dart slugs (D:4)
  5 leopard geckos
  47 orcs
  8 giant cockroaches
  12 goblins
  9 hobgoblins
  2 jackals (D:3)
  3 quokkas
  2 ball pythons (Lair:2)
  8 bats
  6 frilled lizards
  A jackal zombie (D:7)
  16 kobolds
  14 rats
449 creatures vanquished.

Vanquished Creatures (others)
  10 fungi
  46 plants
56 creatures vanquished.

Grand Total: 505 creatures vanquished

Notes
Turn   | Place    | Note
-------+----------+-------------------------------------------
     0 | D:1      | ANON1729 the Merfolk Transmuter began the quest for the
                  | Orb.
     0 | D:1      | Reached XP level 1. HP: 15/15 MP: 3/3
   339 | D:1      | Reached XP level 2. HP: 12/21 MP: 5/5
   393 | D:1      | Reached skill level 3 in Transmutations
   813 | D:1      | Reached XP level 3. HP: 26/26 MP: 6/6
  1460 | D:2      | Found a shimmering blue altar of Sif Muna.
  1630 | D:2      | Reached XP level 4. HP: 28/33 MP: 7/7
  2568 | D:2      | Reached XP level 5. HP: 16/39 MP: 7/8
  3097 | D:3      | Reached skill level 1 in Armour
  3663 | D:3      | Found a burning altar of Makhleb.
  3748 | D:4      | Found a transporter.
  3749 | D:4      | Found a transporter.
  3749 | D:4      | Noticed rlgrobin's ghost (weakling TeDe)
  3819 | D:4      | Reached skill level 4 in Transmutations
  3819 | D:4      | Reached XP level 6. HP: 33/46 MP: 10/10
  3909 | D:4      | Found a staircase to the Ecumenical Temple.
  3922 | Temple   | Entered the Ecumenical Temple
  4007 | Temple   | Became a worshipper of the Wu Jian Council
  4068 | D:4      | Found Ippeboseda's Weapon Shop.
  5083 | D:5      | Entered Level 5 of the Dungeon
  5137 | D:5      | Reached XP level 7. HP: 37/52 MP: 12/12
  5455 | D:5      | Reached skill level 5 in Dodging
  5468 | D:5      | Reached skill level 5 in Transmutations
  5515 | D:5      | Reached skill level 5 in Unarmed Combat
  6361 | D:5      | Reached * piety under Wu Jian
  6507 | D:5      | Reached XP level 8. HP: 57/60 MP: 13/13
  7004 | D:5      | Reached skill level 6 in Transmutations
  7007 | D:5      | Learned a level 2 spell: Wereblood
  7011 | D:5      | Learned a level 3 spell: Spider Form
  7602 | D:6      | Reached skill level 5 in Fighting
  7714 | D:6      | Found a runed translucent door.
  7917 | D:6      | Reached skill level 7 in Transmutations
  8109 | D:6      | Noticed rlgrobin's ghost (novice TeDe)
  8368 | D:6      | Reached XP level 9. HP: 53/68 MP: 12/16
  9117 | D:6      | Reached skill level 8 in Transmutations
  9131 | D:6      | Reached skill level 5 in Spellcasting
  9635 | D:7      | Reached ** piety under Wu Jian
 10022 | D:8      | Noticed a fire crab
 10027 | D:8      | Noticed thewurscht's ghost (novice DrFi)
 10048 | D:8      | Found a shimmering altar of Xom.
 10048 | D:8      | Found an ancient bone altar of Kikubaaqudgha.
 10053 | D:8      | Found a blossoming altar of Fedhas.
 10055 | D:8      | Found an opulent altar of Gozag.
 10056 | D:8      | Found a bloodstained altar of Trog.
 10324 | D:8      | Found a runed translucent gate.
 10325 | D:8      | Found a runed translucent gate.
 10397 | D:8      | Found a runed translucent gate.
 10977 | D:8      | Learned a level 5 spell: Blade Hands
 10982 | D:8      | Learned a level 4 spell: Ice Form
 11054 | D:9      | Reached skill level 9 in Transmutations
 11592 | D:9      | Noticed a troll
 11604 | D:9      | Killed a troll
 11605 | D:9      | Reached XP level 10. HP: 56/77 MP: 15/18
 12165 | D:9      | Reached skill level 10 in Transmutations
 12293 | D:9      | Reached *** piety under Wu Jian
 12477 | D:9      | Found Domu's General Store.
 12576 | D:9      | Noticed a two-headed ogre
 12585 | D:9      | Killed a two-headed ogre
 12586 | D:9      | Reached skill level 11 in Transmutations
 12904 | D:10     | Entered Level 10 of the Dungeon
 13020 | D:10     | Noticed a two-headed ogre
 13028 | D:10     | Killed a two-headed ogre
 13029 | D:10     | Reached XP level 11. HP: 50/84 MP: 14/20
 13374 | D:10     | Reached **** piety under Wu Jian
 13375 | D:10     | Reached skill level 12 in Transmutations
 13564 | D:10     | Found a staircase to the Lair.
 13776 | D:10     | Reached ***** piety under Wu Jian
 13860 | D:10     | Found a staircase to the Orcish Mines.
 14108 | D:11     | Reached skill level 10 in Dodging
 14954 | D:11     | Killed an unseen horror
 15409 | Lair:1   | Entered Level 1 of the Lair of Beasts
 15465 | Lair:1   | Reached skill level 13 in Transmutations
 15671 | Lair:1   | Reached XP level 12. HP: 86/94 MP: 23/23
 16583 | Lair:2   | Found a staircase to the Swamp.
 16849 | Lair:2   | Found a staircase to the Snake Pit.
 16978 | Lair:2   | Reached skill level 14 in Transmutations
 17001 | Lair:2   | Noticed a seven-headed hydra
 17024 | Snake:1  | Entered Level 1 of the Snake Pit
 17027 | Snake:1  | Gained mutation: You have an increased reservoir of magic.
                  | (+10% MP) [mutagenic glow]
 17214 | Lair:2   | Killed a seven-headed hydra
 18122 | Lair:3   | Noticed Fannar
 18138 | Lair:2   | Reached skill level 10 in Unarmed Combat
 18264 | Lair:3   | Killed Fannar
 18595 | Lair:3   | Reached XP level 13. HP: 47/103 MP: 22/28
 18941 | Lair:3   | Reached skill level 15 in Transmutations
 19471 | Lair:4   | Identified the +8 chain mail of Wavih {*Contam rElec Will+
                  | Dex+5} (You found it on level 4 of the Lair of Beasts)
 19586 | Lair:4   | Reached skill level 10 in Fighting
 20707 | Lair:5   | Found a dark tunnel.
 20716 | Volcano  | Entered a volcano
 20906 | Volcano  | Got a pair of heavily runed boots
 20917 | Volcano  | Identified the +2 pair of boots of Action {rC+ rN+ Int-4}
                  | (You found it in a volcano)
 22254 | Lair:5   | Noticed passata's ghost (journeyman GrFi)
 22370 | Lair:5   | Found a transporter.
 22370 | Lair:5   | Found a transporter.
 22479 | Lair:5   | Reached ****** piety under Wu Jian
 22480 | Lair:5   | Reached skill level 16 in Transmutations
 22544 | Lair:5   | Found a staircase to the Slime Pits.
 23103 | Lair:6   | Entered Level 6 of the Lair of Beasts
 23562 | Lair:5   | HP: 5/104 [eight-headed hydra (7)]
 23562 | Lair:5   | Slain by an eight-headed hydra

Illustrated notes

Levels and vault maps discovered:
D:1:      scummos_arrival_gate, layout_basic, minmay_tromino_i4
D:2:      layout_loops_ring, led_sif_pool
D:3:      layout_loops_corners, makhleb_blood_cavern_becter
D:4:      layout_basic, minmay_temple_entry_water_ring, serial_shops,
          shop_fountains, gammafunk_ghost_mausoleum
D:5:      layout_loops_ring, serial_bayou, serial_bayou_pond_d,
          serial_bayou_pond_a, serial_bayou_shore_a, serial_bayou_crossing
D:6:      layout_rooms, hellmonk_ghost_happy_afterlife
D:7:      layout_gridville
D:8:      layout_basic, chequers_temple_overflow_minitemple,
          gammafunk_ghost_split
D:9:      layout_roguey, serial_shops, nicolae_shop_crystal
D:10:     layout_basic, lair_entry_dummy, erik_orc_2
D:11:     layout_long_grid
Temple:   nicolae_temple_x_marks_the_god
Lair:1:   layout_hall_layers, kennysheep_abandoned_house
Lair:2:   layout_cave_pods, skrybe_swamp_entry_bodies,
          minmay_snake_entry_six_corridors, chequers_serial_rivers_micro_a,
          lemuel_fruit_tree, lemuel_fruit_fields
Lair:3:   beast_lair_carwin_large_2, layout_gridlike, uniq_fannar
Lair:4:   layout_regular_city
Lair:5:   layout_regular_city, slime_dummy, gammafunk_ghost_hive,
          enter_volcano_2, infiniplex_staircase_pool_2
Lair:6:   cheibrodos_lair_end_hotspot, layout_misc_corridors
Snake:1:  layout_gridlike, gammafunk_ghost_split, serial_bayou_shore_b

Skill      XL: |  1  2  3  4  5  6  7  8  9 10 11 12 13 |
---------------+----------------------------------------+-----
Dodging        | 3 4 5 6 8 9 10 11 12 | 12.7
Transmutations | 3 4 5 7 9 11 13 14 16 | 16.1
Fighting       | 2 3 4 5 6 7 8 9 10 | 10.6
Unarmed Combat | 4 5 6 7 8 9 10 11 | 11.0
Armour         | 1 |  1.0
Spellcasting   | 3 4 5 6 7 8 9 |  9.2

Action                   |  1- 3 |  4- 6 |  7- 9 | 10-12 | 13-15 || total
-------------------------+-------+-------+-------+-------+-------++-------
Melee: Unarmed           |   130 |   352 |   627 |   620 |   237 ||  1966
       Headbutt          |     4 |     1 |     8 |       |       ||    13
       Punch             |     1 |     1 |     3 |    14 |    10 ||    29
       Tailslap          |       |       |     1 |       |       ||     1
Throw: Dart              |       |     9 |     2 |    19 |       ||    30
       Javelin           |       |       |       |     3 |       ||     3
 Cast: Beastly Appendage |     4 |     1 |     3 |       |       ||     8
       Spider Form       |       |       |    14 |     6 |     1 ||    21
       Blade Hands       |       |       |       |    60 |    25 ||    85
       Ice Form          |       |       |       |     1 |       ||     1
Invok: Lunge             |       |     6 |    30 |    40 |     9 ||    85
       Whirlwind         |       |       |    43 |   102 |    23 ||   168
       Serpent's Lash    |       |       |       |     6 |     4 ||    10
 Abil: Wall Jump         |       |       |       |     1 |       ||     1
Evoke: Wand              |       |       |       |     9 |     2 ||    11
  Use: Scroll            |       |     5 |     7 |     4 |     6 ||    22
       Potion            |       |       |       |     6 |       ||     6
 Stab: Sleeping          |     1 |       |     2 |       |     1 ||     4
Armor: Robe              |     4 |       |    16 |     1 |       ||    21
       Pearl dragon scal |    42 |   235 |   172 |       |    56 ||   505
       Skin              |       |       |     2 |     7 |     2 ||    11
       Troll leather arm |       |       |       |    84 |     1 ||    85
Dodge: Dodged            |    57 |   112 |   372 |   537 |   186 ||  1264
Block: Buckler           |       |    38 |    52 |       |       ||    90

Table legend: (Time is in decaauts)
 A = Elapsed time spent in this place.
 B = Non-inter-level travel time spent in this place.
 C = Inter-level travel time spent in this place.
 D = Time resting spent in this place.
 E = Time spent auto-exploring this place.
 F = Levels seen in this place.
 G = Mean time per level.
                   A        B        C        D        E       F      G
               +--------+--------+--------+--------+--------+-----+--------+
         Total |  23341 |  22600 |    741 |   5391 |  13334 |  20 | 1167.1 |
       Dungeon |  15173 |  14585 |    588 |   3030 |   8947 |  11 | 1379.4 |
        Temple |     95 |     95 |      0 |      0 |      0 |   1 |   95.0 |
          Lair |   7090 |   6937 |    153 |   1765 |   4289 |   6 | 1181.7 |
     Snake Pit |     83 |     83 |      0 |     79 |      0 |   1 |   83.0 |
       Volcano |    898 |    898 |      0 |    517 |     97 |   1 |  898.0 |
               +--------+--------+--------+--------+--------+-----+--------+

Top non-repeatable levels by time:
     D:5: 1924 daAuts
  Lair:5: 1917 daAuts
     D:9: 1857 daAuts
     D:6: 1599 daAuts
  Lair:2: 1578 daAuts
     D:4: 1543 daAuts
     D:2: 1514 daAuts
    D:10: 1274 daAuts
  Lair:4: 1237 daAuts
     D:1: 1213 daAuts
    D:11: 1195 daAuts
  Lair:3: 1187 daAuts
  Lair:1: 1147 daAuts
     D:3: 1133 daAuts
     D:8: 1084 daAuts
